 Dungeon Crawl Stone Soup version 0.24-a0-250-g6074511 (webtiles) character file.

Game seed: 400444875839895326

597355 Inarius the Petrodigitator (level 25, -3/190 HPs)
             Began as a Demigod Earth Elementalist on Apr 12, 2019.
             Slain by an acid blob (27 damage)
             ... created by the Royal Jelly
             ... on level 5 of the Pits of Slime on Apr 14, 2019.
             The game lasted 05:49:10 (105230 turns).

Inarius the Petrodigitator (DgEE)                 Turns: 105230, Time: 05:49:11

Health: -3/190     AC: 14    Str: 11    XL:     25   Next: 11%
Magic:  11/58      EV:  9    Int: 56    God:
Gold:   1535       SH: 17    Dex: 19    Spells: 21/56 levels left

rFire    . . .     SeeInvis +   F - +2 long sword "Qejixt" {flame, MR+ Int+6 Dex+3 Stlth-}
rCold    . . .     Gourm    .   c - +0 large shield
rNeg     + + .     Faith    .   D - +6 scale mail of Bedevilment {rN++}
rPois    .         Spirit   .   m - +0 helmet
rElec    .         Reflect  .   B - +2 cloak of the Thief {+Fog Slay-2 SInv Stlth+}
rCorr    +         Harm     .   x - +2 pair of gloves
MR       ++++.                  R - +2 pair of boots
Stlth    +.........             b - amulet "Zysch" {MR+ Regen+ Int+10}
HPRegen  0.81/turn              q - ring of magical power
MPRegen  0.36/turn              C - ring of resist corrosion

@: brilliant, corroded, very slightly contaminated
A: high mp 1
}: 3/15 runes: decaying, serpentine, silver
a: Evoke Fog


You were on level 5 of the Pits of Slime.
You were not hungry.

You visited 10 branches of the dungeon, and saw 52 of its levels.
You visited 1 bazaar.
You also visited: Volcano.

You collected 7151 gold pieces.
You spent 5616 gold pieces at shops.

Inventory:

Hand Weapons
 j - the +0 rapier of Vuuffei {pain, rElec Dex+4}
   (You found it on level 4 of the Depths)

   In the hands of one skilled in necromantic magic, it inflicts extra damage on
   living creatures.
   It affects your dexterity (+4).
   It insulates you from electricity.
 F - the +2 long sword "Qejixt" (weapon) {flame, MR+ Int+6 Dex+3 Stlth-}
   (You found it on level 1 of the Elven Halls)

   It has been specially enchanted to burn those struck by it, causing extra
   injury to most foes and up to half again as much damage against particularly
   susceptible opponents.
   Big, fiery blades are also staple armaments of hydra-hunters.
   It affects your intelligence (+6).
   It affects your dexterity (+3).
   It affects your resistance to hostile enchantments.
   It makes you less stealthy.
 Z - the +11 mace of Doom {freeze, rN+ MR+}
   (You took it off a deep elf annihilator on level 3 of the Elven Halls)

   It has been specially enchanted to freeze those struck by it, causing extra
   injury to most foes and up to half again as much damage against particularly
   susceptible opponents.
   It can also slow down cold-blooded creatures.
   It protects you from negative energy.
   It affects your resistance to hostile enchantments.
Armour
 c - a +0 large shield (worn)
 h - the +4 scale mail of Narcissism {+Inv rPois rF+ Str+4}
   (You found it on level 11 of the Dungeon)

   It affects your strength (+4).
   It protects you from fire.
   It protects you from poison.
   It lets you turn invisible.
 m - a +0 helmet (worn)
 x - a +2 pair of gloves (worn)
 B - the +2 cloak of the Thief (worn) {+Fog Slay-2 SInv Stlth+}
   (You bought it in a shop on level 1 of the Depths)

   It affects your accuracy and damage with ranged weapons and melee attacks
   (-2).
   It lets you see invisible.
   It makes you more stealthy.
 D - the +6 scale mail of Bedevilment (worn) {rN++}
   (You found it on level 1 of the Depths)

   It greatly protects you from negative energy.
 R - a +2 pair of boots (worn)
Magical Staves
 y - an uncursed staff of energy
Jewellery
 b - the amulet "Zysch" (around neck) {MR+ Regen+ Int+10}
   (You took it off an ancient champion on level 3 of the Crypt)

   [amulet of regeneration]

   It affects your intelligence (+10).
   It affects your resistance to hostile enchantments.
   It increases your rate of regeneration.
 q - a ring of magical power (left hand)
 C - a ring of resist corrosion (right hand)
 G - an uncursed ring of ice
 N - an uncursed ring of wizardry
 T - the ring of Noon {*Slow rN+ MR- MP+9 Str+8}
   (You found it on level 3 of the Crypt)

   [ring of positive energy]

   It affects your strength (+8).
   It protects you from negative energy.
   It affects your resistance to hostile enchantments.
   It affects your magic capacity (+9).
   It may slow you when you take damage.
 U - the ring of Music {rPois rN+ Int+2 Dex+3}
   (You found it on level 1 of the Depths)

   [ring of positive energy]

   It affects your intelligence (+2).
   It affects your dexterity (+3).
   It protects you from poison.
   It protects you from negative energy.
 X - an uncursed ring of protection from fire
Wands
 v - a wand of disintegration (12)
 O - a wand of iceblast (3)
 S - a wand of paralysis (4)
 Y - a wand of digging (13)
Scrolls
 g - a scroll of noise
 n - 4 scrolls of magic mapping
 o - 9 scrolls of immolation
 p - 3 scrolls of fog
 r - 8 scrolls of enchant armour
 u - a scroll of blinking
 w - 20 scrolls of remove curse
 A - 11 scrolls of teleportation
 H - 2 scrolls of identify
 L - a scroll of summoning
Potions
 a - 6 potions of heal wounds
 e - 2 potions of resistance
 f - 5 potions of haste
 i - 2 potions of invisibility
 s - 3 potions of brilliance
 t - 2 potions of cancellation
 z - 15 potions of curing
 I - 8 potions of mutation
 V - 5 potions of might
 W - 3 potions of agility
Miscellaneous
 k - a phial of floods
 l - a phantom mirror
 J - a fan of gales
 K - 2 sacks of spiders
 P - 2 boxes of beasts
Comestibles
 d - 55 rations


   Skills:
 * Level 8.5 Fighting
 - Level 2.0 Long Blades
 - Level 1.7 Maces & Flails
 + Level 0.2 Throwing
 + Level 10.4 Armour
 + Level 4.4 Dodging
 - Level 1.7 Stealth
 + Level 12.3 Shields
 + Level 16.4 Spellcasting
 + Level 14.7 Conjurations
 + Level 0.9 Charms
 + Level 7.1 Necromancy
 + Level 6.2 Transmutations
   Level 2.6 Fire Magic
 O Level 27 Earth Magic
 * Level 13.7 Evocations


You had 21 spell levels left.
You knew the following spells:

 Your Spells              Type           Power        Failure   Level  Hunger
a - Shatter               Erth           #########.   1%          9    ###....
b - Stone Arrow           Conj/Erth      ######       0%          3    None
c - Lee's Rapid Deconstr  Erth           #########.   0%          5    None
d - Petrify               Tmut/Erth      ########     1%          4    None
e - Iron Shot             Conj/Erth      ########..   1%          6    None
f - Borgnjor's Vile Clut  Necr/Erth      ########..   1%          5    None
g - Regeneration          Chrm/Necr      #######...   1%          3    None

Your spell library contained the following spells:

 Spells                   Type           Power        Failure   Level  Hunger
 Magic Dart               Conj           ####         0%          1    None
 Sandblast                Erth           ######       0%          1    None
 Passwall                 Tmut/Erth      ########     0%          2    None
 Animate Skeleton         Necr           N/A          1%          1    None
 Beastly Appendage        Tmut           ######       1%          1    None
 Confusing Touch          Hex            ######       1%          1    None
 Corona                   Hex            ######.      1%          1    None
 Freeze                   Ice            ####         1%          1    None
 Infusion                 Chrm           ####         1%          1    None
 Pain                     Necr           ####         1%          1    None
 Sting                    Conj/Pois      ####         1%          1    None
 Summon Butterflies       Summ           ######..     1%          1    None
 Summon Small Mammal      Summ           ####         1%          1    None
 Blink                    Tloc           N/A          1%          2    None
 Call Imp                 Summ           ######..     1%          2    None
 Corpse Rot               Necr           N/A          1%          2    None
 Ensorcelled Hibernation  Hex/Ice        ######       1%          2    None
 Poisonous Vapours        Pois/Air       ######       1%          2    None
 Shroud of Golubria       Chrm/Tloc      ######....   1%          2    None
 Slow                     Hex            ######..     1%          2    None
 Song of Slaying          Chrm           ######..     1%          2    None
 Sticks to Snakes         Tmut           #######.     1%          2    None
 Swiftness                Chrm/Air       ######..     1%          2    None
 Throw Frost              Conj/Ice       ######       1%          2    None
 Conjure Flame            Conj/Fire      ########     1%          3    None
 Dazzling Spray           Conj/Hex       ######       1%          3    None
 Inner Flame              Hex/Fire       #######.     1%          3    None
 Mephitic Cloud           Conj/Pois/Air  #######.     1%          3    None
 Spectral Weapon          Hex/Chrm       ######..     1%          3    None
 Spider Form              Tmut/Pois      #######...   1%          3    None
 Static Discharge         Conj/Air       ########     1%          3    None
 Vampiric Draining        Necr           ########..   1%          3    None
 Animate Dead             Necr           N/A          1%          4    None
 Force Lance              Conj/Tloc      ########     1%          4    None
 Leda's Liquefaction      Hex/Erth       ########..   1%          4    None
 Blade Hands              Tmut           #######...   1%          5    None
 Bolt of Draining         Conj/Necr      ########..   1%          5    None
 Bolt of Magma            Conj/Fire/Erth ########..   1%          5    None
 Lightning Bolt           Conj/Air       ########..   1%          5    None
 Venom Bolt               Conj/Pois      ########..   1%          5    None
 Statue Form              Tmut/Erth      ########.    1%          6    None
 Call Canine Familiar     Summ           ######..     2%          3    None
 Confuse                  Hex            ######..     2%          3    None
 Gell's Gravitas          Tloc           ######....   2%          3    None
 Lesser Beckoning         Tloc           ######....   2%          3    None
 Portal Projectile        Hex/Tloc       ######       2%          3    None
 Recall                   Summ/Tloc      N/A          2%          3    None
 Teleport Other           Tloc           ######..     2%          3    None
 Tukima's Dance           Hex            ######..     2%          3    None
 Ice Form                 Ice/Tmut       #######.     2%          4    None
 Yara's Violent Unravell  Hex/Tmut       #######...   6%          5    None
 Death Channel            Necr           ########..   6%          6    None
 Cause Fear               Hex            ######....   8%          4    None
 Olgreb's Toxic Radiance  Pois           ######..     8%          4    None
 Passage of Golubria      Tloc           N/A          8%          4    None
 Summon Ice Beast         Ice/Summ       ######..     8%          4    None
 Hydra Form               Tmut           #######...   9%          6    None
 Aura of Abjuration       Summ           ######....   19%         5    None
 Metabolic Englaciation   Hex/Ice        ######....   19%         5    None
 Silence                  Hex/Air        ######....   19%         5    None
 Summon Demon             Summ           ######....   19%         5    None
 Summon Forest            Summ/Tloc      ######....   19%         5    None
 Summon Mana Viper        Hex/Summ       ######..     19%         5    None
 Simulacrum               Ice/Necr       #######...   22%         6    None
 Darkness                 Hex            ######....   63%         6    None
 Invisibility             Hex            ######..     63%         6    None
 Shadow Creatures         Summ           N/A          63%         6    None
 Haunt                    Necr/Summ      #######...   69%         7    None
 Borgnjor's Revivificati  Necr           ########..   86%         8    None
 Infestation              Necr           ########..   86%         8    None
 Necromutation            Tmut/Necr      ########..   89%         8    None
 Malign Gateway           Summ/Tloc      ######....   98%         7    None
 Summon Hydra             Summ           ######....   98%         7    None
 Death's Door             Chrm/Necr      #######...   99%         8    None
 Controlled Blink         Tloc           N/A          100%        8    None
 Ignition                 Fire           #######...   100%        8    None
 Tornado                  Air            ######....   100%        9    ###....


Dungeon Overview and Level Annotations

Branches:
Dungeon (15/15)            Temple (0/1) D:6            Lair (6/6) D:11
  Swamp (4/4) Lair:2        Snake (4/4) Lair:3        Slime (5/5) Lair:6
    Orc (2/2) D:9             Elf (3/3) Orc:2        Vaults (5/5) D:13
  Crypt (3/3) Vaults:2       Tomb (0/3) Crypt:3      Depths (5/5) D:15
    Zot (0/5) Depths:5

Shops:
D:5 =   Orc:2 %!=[   Elf:1 [   Elf:3 *   Vaults:2 }*[   Vaults:3 !   Vaults:4 }
Vaults:5 }(=*(?!!   Depths:1 }}%*:

Portals:
Hell: Depths:1 Depths:2 Depths:3 Depths:4 Depths:5
Abyss: Depths:4 Depths:5
Pandemonium: Depths:3
Ziggurat: Depths:3

Annotations:
D:4 3 runed translucent doors, Ijustatesigmund's ghost, amateur OpFi; Phong's ghost, novice HuCj
Slime:5 Royal Jelly


Innate Abilities, Weirdness & Mutations

You have an increased reservoir of magic. (+10% MP)


Message History

Confirm with . or Enter, or press ? or * to list all spells.
The dungeon rumbles!
The acid blob is heavily wounded.
The Royal Jelly is almost dead.
You kill the azure jelly!
That felt strangely unrewarding.
The azure jelly is heavily wounded.
You destroy the death ooze!
That felt strangely unrewarding.
The acid blob is almost dead.
You kill the azure jelly!
That felt strangely unrewarding.
The acid blob is lightly wounded.
The Royal Jelly shudders violently.
The Royal Jelly spits out three more jellies.
Unknown command.
Unknown command.
Unknown command.
The acid blob hits you!!
You die...

,**.,**,##................^..##
***#.####...................##*
,*##.#...................#....*
,,........................###.#
,,............J............#**#
,,......................#.##
,,.......................##
,,..........JJJ.......#.##
,,...........J.J@...#####
,,......^...JJ......#
,,.................##
,,..................#
,,..................#
,,.......J..........#
,,...............#..#
,,,,..J...........#.#
,,**#........#..#..


You could see the Royal Jelly, 5 acid blobs, 2 azure jellies and a death ooze.

Vanquished Creatures
  4 ancient liches
  Sojobo (Crypt:3)
  Boris (4 times) (Vaults:3 D:15 Depths:3 Crypt:2)
  Bai Suzhen (Swamp:4)
  Saint Roka (Elf:3)
  5 caustic shrikes (Depths:3)
  A curse toe (Crypt:3)
  3 golden dragons
  Nikola (Snake:2)
  A bone dragon (Crypt:3)
  7 liches
  5 tentacled monstrosities
  A shard shrike zombie (Crypt:1)
  A quicksilver dragon (Vaults:5)
  10 titans
  A deep elf master archer (Elf:3)
  2 deep elf blademasters
  10 acid blobs
  6 ancient champions
  The ghost of tilp the Brawler, an adept TrMo of Ru (Swamp:1)
  Gastronok (Lair:1)
  Kirke (Swamp:2)
  5 sphinxes
  2 revenants (Crypt:3)
  7 tengu reavers
  Donald (Elf:3)
  4 thorn hunters
  2 storm dragons
  4 draconian monks (Depths:5)
  3 shadow dragons
  The ghost of Ratty the Sorcerer, an adept DENe of Kikubaaqudgha (Snake:3)
  8 azure jellies
  7 fire giants
  9 nagarajas
  2 iron dragons
  An orc warlord (Orc:1)
  10 deep elf sorcerers
  A draconian knight (Depths:5)
  13 frost giants
  Aizul (Swamp:2)
  5 deep elf elementalists (Elf:3)
  13 vault wardens
  6 ghouls
  A curse skull (Crypt:3)
  16 ironheart preservers
  16 stone giants
  A draconian annihilator (Depths:5)
  A war gargoyle (Vaults:4)
  3 entropy weavers
  24 very ugly things
  6 vampire knights
  6 deep elf demonologists
  2 green draconians (Depths:5)
  An entropy weaver (shapeshifter) (Depths:5)
  5 purple draconians (Depths:5)
  A black draconian (Depths:5)
  7 spark wasps
  11 deep elf annihilators
  7 white draconians (Depths:5)
  6 red draconians (Depths:5)
  An eidolon (Crypt:3)
  A merfolk javelineer (Depths:3)
  15 ettins
  A merfolk impaler (Depths:2)
  11 deep elf death magi
  Snorg (Orc:1)
  7 death oozes
  Erolcha (D:12)
  12 fire dragons
  11 yaktaur captains
  8 great orbs of eyes
  6 jiangshi
  15 ogre magi
  27 vault guards
  5 deep elf high priests
  7 rakshasas
  13 hydras
  13 ice dragons
  An anaconda (shapeshifter) (Depths:2)
  Harold (D:8)
  2 shambling mangroves
  A spriggan air mage (Depths:5)
  6 death knights
  2 catoblepae
  8 centaur warriors
  4 death yaks
  10 anacondas
  28 dancing weapons
  14 naga warriors
  17 alligators
  51 two-headed ogres
  2 hell hogs (Depths:4)
  2 shock serpents
  7 tengu warriors
  2 orc high priests
  8 deep troll earth magi
  10 vampire magi
  13 deep troll shamans
  2 titan zombies
  A spriggan berserker (Depths:5)
  10 naga sharpshooters
  2 soul eaters (Crypt:3)
  23 deep elf knights
  A fire crab (Volcano)
  3 iron trolls
  17 skeletal warriors
  2 sea snakes (Snake:3)
  4 salamander mystics
  4 shadow wraiths
  An unseen horror (Vaults:1)
  An iron troll (shapeshifter) (Depths:3)
  2 death drakes (Depths:5)
  4 swamp dragons
  A deep troll (shapeshifter) (Depths:4)
  5 glowing orange brains
  A spriggan druid (Depths:1)
  31 deep trolls
  12 naga ritualists
  A glowing orange brain (shapeshifter) (Depths:3)
  A wizard (D:12)
  5 flayed ghosts
  10 phantasmal warriors
  11 deep elf archers
  13 ironbrand convokers
  5 lindwurms
  A shadow dragon zombie (Crypt:2)
  Pikel (D:6)
  12 orc knights
  6 mana vipers
  5 necromancers
  14 orc sorcerers
  87 deep elf magi
  An iron dragon zombie (Crypt:3)
  A manticore (shapeshifter) (Elf:3)
  30 ugly things
  11 salamanders
  5 cyclopes
  A manticore (D:13)
  5 shining eyes
  A dire elephant zombie (Crypt:1)
  2 salamanders (shapeshifter)
  2 elephants (Lair:6)
  9 wolf spiders
  4 centaur zombies
  36 black mambas
  3 guardian serpents
  2 black mambas (shapeshifter)
  Maurice (D:10)
  20 vault sentinels
  29 naga magi
  20 spiny frogs
  5 eyes of devastation
  2 frost giant skeletons (Vaults:5)
  2 molten gargoyles (Volcano)
  A yellow draconian zombie (Crypt:1)
  A gargoyle (D:12)
  A shock serpent skeleton (Crypt:3)
  8 komodo dragons
  A green draconian zombie (Crypt:1)
  A rime drake (shapeshifter) (Vaults:3)
  2 kobold demonologists
  31 yaktaurs
  2 elephant slug zombies (Crypt:3)
  A yaktaur (shapeshifter) (Depths:1)
  2 tengu conjurers
  8 freezing wraiths
  A troll (shapeshifter) (Depths:3)
  2 jumping spiders (shapeshifter)
  14 tyrant leeches
  3 polar bears
  A death drake skeleton (Crypt:2)
  A jumping spider (Vaults:2)
  A merfolk (shapeshifter) (Depths:1)
  2 wind drakes (Depths:5)
  12 hornets
  A blink frog (shapeshifter) (Vaults:2)
  14 trolls
  15 blink frogs
  3 hippogriffs (shapeshifter)
  11 bog bodies
  2 wind drakes (shapeshifter)
  2 fire dragon zombies
  6 hippogriffs
  89 slime creatures
  A fire giant simulacrum (Vaults:4)
  A raiju (shapeshifter) (Depths:3)
  A frost giant simulacrum (Crypt:1)
  A flying skull (Crypt:3)
  3 black mamba zombies
  3 shadows
  An elf skeleton (Vaults:5)
  6 redbacks
  2 tarantellas (shapeshifter)
  An air elemental (Elf:2)
  A satyr skeleton (Crypt:2)
  A vampire (Swamp:3)
  27 water elementals
  A wyvern (D:11)
  5 fire bats (Volcano)
  2 spriggans (Swamp:1)
  5 wraiths
  3 fire elementals
  40 yaks
  2 golden eyes
  3 hogs (Swamp:2)
  8 basilisks
  8 vampire mosquitoes
  4 hungry ghosts
  A yaktaur simulacrum (Vaults:1)
  10 swamp worms
  A steam dragon (Volcano)
  3 swamp worm simulacra (Swamp:4)
  8 wargs
  41 nagas
  7 insubstantial wisps
  16 hydra simulacra (Swamp:4)
  8 hell hounds
  22 water moccasins
  A merfolk skeleton (Crypt:1)
  An infernal demonspawn skeleton (Crypt:1)
  2 floating eyes
  A deep troll skeleton (Crypt:2)
  37 orc warriors
  15 swamp drakes
  7 porcupines
  3 slaves (D:5)
  An elf zombie (Vaults:5)
  6 ice beasts
  3 sky beasts
  6 black bears
  5 eyes of draining
  2 hornet zombies
  2 black bears (shapeshifter)
  2 human zombies (Vaults:4)
  An eye of draining (shapeshifter) (Elf:3)
  4 necrophages
  42 ogres
  A snapping turtle zombie (Crypt:1)
  14 wolves
  13 boggarts
  A tengu (shapeshifter) (Vaults:2)
  18 centaurs
  A hog skeleton (Crypt:3)
  12 crocodiles
  11 big kobolds
  14 bullfrogs
  An earth elemental (Elf:2)
  4 scorpions
  12 killer bees
  A shapeshifter zombie (Crypt:2)
  4 howler monkeys
  13 wights
  An electric eel (Lair:2)
  6 crimson imps
  A wolf zombie (Crypt:1)
  3 bullfrog zombies
  A troll skeleton (Crypt:1)
  4 lava snakes (Volcano)
  3 bullfrog skeletons
  8 centaur skeletons
  23 orc priests
  4 hounds
  3 jellies
  An iron imp (Depths:5)
  A worker ant (shapeshifter) (Depths:3)
  3 iguanas
  44 orc wizards
  7 worker ants
  A killer bee zombie (D:6)
  An ogre zombie (Crypt:2)
  A deep dwarf skeleton (Crypt:3)
  A crocodile skeleton (Crypt:1)
  A hound zombie (Crypt:2)
  A hound skeleton (D:8)
  A howler monkey zombie (Crypt:3)
  3 gnolls (D:2)
  16 adders
  5 shadow imps
  A white imp (D:11)
  5 swamp drake simulacra (Swamp:4)
  An iguana skeleton (Crypt:1)
  An adder skeleton (D:9)
  4 worms
  3 dart slugs
  4 leopard geckos
  135 orcs
  A bat zombie (Crypt:2)
  5 giant cockroaches
  4 hobgoblins
  20 jackals
  27 kobolds
  A quokka (D:6)
  3 ball pythons
  6 bats
  5 frilled lizards
  9 goblins
  A leopard gecko skeleton (Crypt:2)
  A leopard gecko zombie (D:6)
  7 rats
  2 crawling corpses (Elf:3)
  A fungus (Lair:4)
  A plant (Lair:3)
  A withered plant (Crypt:3)
2262 creatures vanquished.

Vanquished Creatures (collateral kills)
  The ghost of Cygiod the Metallomancer, a veteran GrEE of Ashenzari (Depths:1)
  A quicksilver dragon (Vaults:5)
  2 titans (Vaults:5)
  2 fire giants (Vaults:5)
  2 vault wardens (Vaults:5)
  A ghoul (Vaults:5)
  A stone giant (Vaults:5)
  A deep elf annihilator (Vaults:5)
  A vault guard (Vaults:5)
  A death knight (Vaults:5)
  Nergalle (Lair:1)
  An ironbrand convoker (Vaults:5)
  A phantasmal warrior (Vaults:5)
  A spiny frog (Lair:6)
  A vault sentinel (Vaults:5)
  A troll (Orc:1)
  3 blink frogs (Lair:6)
  2 nagas
  2 orcs (D:7)
26 creatures vanquished.

Vanquished Creatures (others)
  5 stone giants
  A red draconian (Depths:5)
  3 yaktaur captains
  A vault guard (Vaults:5)
  A centaur warrior (Depths:1)
  An ice dragon (Swamp:4)
  2 alligators (Swamp:4)
  A naga sharpshooter (Snake:4)
  A shock serpent (Snake:2)
  A hornet (Vaults:5)
  A deep elf knight (Elf:3)
  A skeletal warrior (Crypt:1)
  An unseen horror (D:14)
  5 deep elf archers
  An orc knight (Vaults:3)
  A salamander (Snake:4)
  A cyclops (Vaults:1)
  A black mamba (Snake:2)
  9 yaktaurs
  A yak (Lair:5)
  A human (Swamp:2)
  An ogre (Vaults:5)
  A centaur (Depths:1)
  2 briar patches (Swamp:1)
  23 fungi
  42 plants
109 creatures vanquished.

Grand Total: 2397 creatures vanquished

Notes
Turn   | Place    | Note
-------+----------+-------------------------------------------
     0 | D:1      | Inarius the Demigod Earth Elementalist began the quest for
                  | the Orb.
     0 | D:1      | Reached XP level 1. HP: 14/14 MP: 5/5
    94 | D:1      | Reached skill level 3 in Earth Magic
   312 | D:1      | Reached XP level 2. HP: 20/20 MP: 7/7
  1465 | D:2      | Reached XP level 3. HP: 12/26 MP: 7/9
  1899 | D:2      | Learned a level 3 spell: Stone Arrow
  1937 | D:2      | HP: 1/26 [orc wizard/+0 dagger (2)]
  2473 | D:2      | Reached XP level 4. HP: 33/33 MP: 10/10
  3381 | D:3      | Found an iron altar of Okawaru.
  4069 | D:4      | Found a runed translucent gate.
  4074 | D:4      | Reached XP level 5. HP: 39/39 MP: 12/12
  4103 | D:4      | Found a runed translucent gate.
  4103 | D:4      | Noticed Phong's ghost (novice HuCj)
  4103 | D:4      | Noticed Ijustatesigmund's ghost (amateur OpFi)
  4104 | D:4      | Found a runed translucent gate.
  4150 | D:4      | Reached skill level 4 in Earth Magic
  4417 | D:4      | Reached skill level 1 in Fighting
  4417 | D:4      | Reached skill level 1 in Conjurations
  4717 | D:5      | Entered Level 5 of the Dungeon
  4930 | D:5      | Reached XP level 6. HP: 39/47 MP: 14/14
  5442 | D:5      | Learned a level 5 spell: Lee's Rapid Deconstruction
  5519 | D:5      | Reached skill level 5 in Earth Magic
  5519 | D:5      | Reached XP level 7. HP: 28/52 MP: 15/17
  5869 | D:5      | Found a snail-covered altar of Cheibriados.
  5920 | D:5      | Found Zialesh's Jewellery Emporium.
  5930 | D:5      | Bought an uncursed ring of see invisible for 150 gold
                  | pieces
  6060 | D:5      | Reached skill level 5 in Spellcasting
  6124 | D:6      | Noticed Pikel
  6496 | D:6      | Found a staircase to the Ecumenical Temple.
  6555 | D:6      | Reached skill level 6 in Earth Magic
  6559 | D:6      | Reached XP level 8. HP: 59/59 MP: 17/20
  6932 | D:6      | Killed Pikel
  7470 | D:6      | Found a stormy altar of Qazlal.
  7471 | D:6      | Found a shadowy altar of Dithmenos.
  7510 | D:7      | Reached skill level 7 in Earth Magic
  7565 | D:7      | Found a sparkling altar of Nemelex Xobeh.
  8151 | D:7      | Reached XP level 9. HP: 64/64 MP: 23/23
  8250 | D:7      | Reached skill level 1 in Shields
  8253 | D:7      | Found a sparkling altar of Nemelex Xobeh.
  9027 | D:8      | Found a white marble altar of Elyvilon.
  9031 | D:8      | Found a hazy altar of Hepliaklqana.
  9034 | D:8      | Found a glowing silver altar of Zin.
  9061 | D:8      | Found a hide-covered altar of Uskayaw.
  9062 | D:8      | Found a shimmering altar of Xom.
  9198 | D:8      | Noticed Harold
  9239 | D:8      | Killed Harold
  9239 | D:8      | Reached skill level 5 in Conjurations
  9481 | D:8      | Reached skill level 8 in Earth Magic
  9594 | D:9      | Noticed a cyclops
  9850 | D:9      | Found a staircase to the Orcish Mines.
  9869 | D:9      | Reached XP level 10. HP: 73/73 MP: 13/26
  9935 | D:9      | Learned a level 4 spell: Petrify
 10662 | D:10     | Entered Level 10 of the Dungeon
 10932 | D:10     | Reached skill level 1 in Armour
 11108 | D:10     | Noticed a two-headed ogre
 11113 | D:10     | Killed a two-headed ogre
 11113 | D:10     | Reached skill level 9 in Earth Magic
 11113 | D:10     | Reached skill level 1 in Evocations
 11170 | D:10     | Noticed a two-headed ogre
 11224 | D:10     | Killed a two-headed ogre
 11557 | D:10     | Noticed Maurice
 11565 | D:10     | Killed Maurice
 12128 | D:11     | Reached XP level 11. HP: 79/79 MP: 17/28
 12249 | D:11     | Noticed a death knight
 12267 | D:11     | Killed a death knight
 12589 | D:11     | Reached skill level 10 in Earth Magic
 12939 | D:11     | Noticed a six-headed hydra
 13159 | D:11     | Noticed an eight-headed hydra
 13464 | D:11     | Found a staircase to the Lair.
 13474 | D:11     | Got a distressingly furry scale mail
 13490 | D:11     | Identified the +4 scale mail of Narcissism {+Inv rPois rF+
                  | Str+4} (You found it on level 11 of the Dungeon)
 13633 | D:11     | Noticed a two-headed ogre
 13641 | D:11     | Killed a two-headed ogre
 14091 | Lair:1   | Entered Level 1 of the Lair of Beasts
 14768 | Lair:1   | Noticed Nergalle
 14768 | Lair:1   | Noticed a seven-headed hydra
 15357 | Lair:1   | Killed Nergalle
 15581 | Lair:1   | Noticed Gastronok
 15597 | Lair:1   | Killed Gastronok
 15805 | Lair:2   | Reached skill level 11 in Earth Magic
 15890 | Lair:2   | Reached XP level 12. HP: 88/88 MP: 24/30
 16269 | Lair:2   | Reached skill level 5 in Shields
 16471 | Lair:2   | Got a faintly glowing chain mail
 16475 | Lair:2   | Reached skill level 1 in Transmutations
 16627 | Lair:2   | Identified the +1 chain mail of the Pure Wonders {rPois rC+
                  | rN++ Slay-4} (You found it on level 2 of the Lair of
                  | Beasts)
 16663 | Lair:2   | Got a steaming robe
 16716 | Lair:2   | Found a staircase to the Swamp.
 17309 | Lair:3   | Reached skill level 10 in Spellcasting
 17475 | Lair:3   | Noticed a catoblepas
 17494 | Lair:3   | Killed a catoblepas
 18031 | Lair:3   | Found a staircase to the Snake Pit.
 18085 | Lair:3   | Reached skill level 5 in Evocations
 18727 | Lair:4   | Reached skill level 12 in Earth Magic
 18983 | Lair:4   | Found a dark tunnel.
 19065 | Volcano  | Entered a volcano
 19298 | Volcano  | Found a burning altar of Makhleb.
 19695 | Volcano  | Identified the +1 robe of Muidymul {Str+3} (You found it on
                  | level 2 of the Lair of Beasts)
 21142 | Lair:5   | Reached XP level 13. HP: 94/94 MP: 27/31
 22037 | Lair:6   | Entered Level 6 of the Lair of Beasts
 22091 | Lair:6   | Reached skill level 13 in Earth Magic
 22253 | Lair:6   | Upgraded the game from 0.24-a0-246-gb963c9a to
                  | 0.24-a0-249-g2af7e83
 22872 | Lair:6   | Got a faintly glowing plate armour
 22903 | Lair:6   | Found a viscous altar of Jiyva.
 22904 | Lair:6   | Found a staircase to the Slime Pits.
 25405 | Orc:1    | Entered Level 1 of the Orcish Mines
 25411 | D:9      | Reached skill level 14 in Earth Magic
 25978 | Orc:1    | Noticed Snorg
 26016 | Orc:1    | Killed Snorg
 26864 | Orc:1    | Noticed an orc warlord
 26873 | Orc:1    | Killed an orc warlord
 26873 | Orc:1    | Reached XP level 14. HP: 98/102 MP: 27/32
 27021 | Orc:2    | Entered Level 2 of the Orcish Mines
 27021 | Orc:2    | Found a bloodstained altar of Trog.
 27337 | Orc:2    | Found a staircase to the Elven Halls.
 27426 | Orc:2    | Found Fiaxau Fong's Distillery.
 27587 | Orc:2    | Reached skill level 5 in Armour
 28135 | Orc:2    | Found Coesog's Jewellery Shoppe.
 28135 | Orc:2    | Found Tonwymut's Antique Armour Boutique.
 28335 | Orc:2    | Found a roughly hewn altar of Beogh.
 28404 | Orc:2    | Paralysed by an orc sorcerer for 3 turns
 28890 | Orc:2    | Found Coets's Food Shoppe.
 28890 | Orc:2    | Found Nog Zadd's Distillery.
 28901 | Orc:2    | Bought a potion of heal wounds for 75 gold pieces
 28901 | Orc:2    | Bought 2 potions of curing for 90 gold pieces
 29209 | Orc:2    | Identified the +1 plate armour "Nuovuam" {MP-9 Int+5} (You
                  | found it on level 6 of the Lair of Beasts)
 29242 | Orc:2    | Bought an uncursed ring of wizardry for 390 gold pieces
 29389 | D:12     | Reached skill level 1 in Long Blades
 29654 | D:12     | Noticed Erolcha
 29992 | D:12     | Killed Erolcha
 30177 | D:12     | Identified the +5 plate armour of Mysticism {rElec}
 30351 | D:12     | Identified the Collected Works on the Entourage
 31093 | D:13     | Found a blossoming altar of Fedhas.
 31128 | D:13     | Found a gate to the Vaults.
 31173 | D:13     | You fall through a shaft for 2 floors!
 31173 | D:15     | Entered Level 15 of the Dungeon
 31381 | D:13     | Reached skill level 15 in Earth Magic
 33218 | D:14     | Found a bloodstained altar of Trog.
 34271 | D:15     | Reached XP level 15. HP: 108/108 MP: 34/35
 34316 | D:15     | Found a staircase to the Depths.
 35011 | D:5      | Bought an uncursed ring of protection from magic for 250
                  | gold pieces
 35191 | Snake:1  | Entered Level 1 of the Snake Pit
 36189 | Snake:1  | Found a blossoming altar of Fedhas.
 36941 | Snake:2  | Noticed Nikola
 37493 | Snake:2  | Noticed a nagaraja
 37951 | Snake:2  | Killed a nagaraja
 38468 | Snake:2  | Reached skill level 16 in Earth Magic
 38951 | Snake:2  | Killed Nikola
 40902 | Snake:3  | Found a large runed translucent door.
 40903 | Snake:3  | Found a large runed translucent door.
 40910 | Snake:3  | Noticed Ratty's ghost (adept DENe)
 41850 | Snake:3  | Killed Ratty's ghost
 41870 | Snake:3  | Got a smoking bronze amulet
 42010 | Swamp:1  | Entered Level 1 of the Swamp
 42016 | Swamp:1  | Noticed a thorn hunter
 42028 | Swamp:1  | Killed a thorn hunter
 42028 | Swamp:1  | Reached XP level 16. HP: 90/116 MP: 20/37
 43094 | Swamp:1  | Reached skill level 10 in Conjurations
 43457 | Swamp:1  | Found a runed translucent door.
 43457 | Swamp:1  | Noticed tilp's ghost (adept TrMo)
 43600 | Swamp:1  | Reached skill level 17 in Earth Magic
 44593 | Elf:1    | Entered Level 1 of the Elven Halls
 44725 | Elf:1    | Found a radiant altar of Vehumet.
 45115 | Elf:1    | Identified the amulet "Utafy" {Inacc rPois Int-4 Stlth+}
                  | (You found it on level 3 of the Snake Pit)
 45191 | Elf:1    | Got a transparent long sword
 45804 | Elf:1    | Found Gukkoopp's Armour Shoppe.
 46029 | Elf:1    | Identified Diesor's Reference Book on Confrontation and the
                  | Escort
 46034 | Elf:1    | Got an ichor-stained war axe
 46115 | Elf:2    | Learned a level 5 spell: Bolt of Magma
 46693 | Elf:2    | Reached skill level 1 in Fire Magic
 46693 | Elf:2    | Reached skill level 18 in Earth Magic
 47321 | Elf:2    | Found a runed translucent gate.
 47321 | Elf:2    | Found a runed translucent gate.
 47322 | Elf:2    | Found a runed translucent gate.
 47648 | Elf:2    | Identified the cursed +2 long sword "Qejixt" {flame, MR+
                  | Int+6 Dex+3 Stlth-} (You found it on level 1 of the Elven
                  | Halls)
 47983 | Elf:2    | Learned a level 6 spell: Iron Shot
 47989 | Elf:2    | Learned a level 5 spell: Borgnjor's Vile Clutch
 48648 | Swamp:1  | Identified a scroll of acquirement
 49274 | Swamp:2  | Noticed Kirke
 49282 | Swamp:2  | Reached XP level 17. HP: 120/122 MP: 32/38
 49286 | Swamp:2  | Killed Kirke
 49379 | Swamp:2  | Noticed Aizul
 49392 | Swamp:2  | Killed Aizul
 49437 | Swamp:2  | Learned a level 3 spell: Regeneration
 49600 | Swamp:2  | Identified the +7 war axe "Hydrabane" {antimagic, rC+ Int+6
                  | Dex+4} (You found it on level 1 of the Elven Halls)
 49751 | Swamp:2  | Reached skill level 1 in Necromancy
 52118 | Swamp:4  | Entered Level 4 of the Swamp
 52270 | Swamp:4  | Reached skill level 19 in Earth Magic
 52483 | Swamp:4  | Identified the Disquisition on the Spatial Snowflakes
 53573 | Swamp:4  | Noticed Bai Suzhen
 53826 | Swamp:4  | Killed Bai Suzhen
 54814 | Swamp:4  | Got a decaying rune of Zot
 55059 | Snake:4  | Entered Level 4 of the Snake Pit
 57106 | Snake:4  | Reached XP level 18. HP: 83/129 MP: 25/40
 58580 | Snake:4  | Got a serpentine rune of Zot
 58997 | Vaults:1 | Entered Level 1 of the Vaults
 59037 | Vaults:1 | Reached skill level 20 in Earth Magic
 59359 | Vaults:1 | Found a flickering gateway to a bazaar.
 59365 | Bazaar   | Entered a bazaar
 59365 | Bazaar   | Found Jaxelymm's Magic Scroll Emporium.
 59390 | Bazaar   | Found Esemit's General Store.
 59393 | Bazaar   | Found Dazxoum's Distillery.
 59395 | Bazaar   | Bought a scroll of teleportation for 33 gold pieces
 59402 | Bazaar   | Bought a potion of magic for 72 gold pieces
 59405 | Bazaar   | Found Otih's Gadget Shop.
 59410 | Bazaar   | Bought a wand of acid (12) for 352 gold pieces
 59410 | Bazaar   | Bought a wand of acid (12) for 352 gold pieces
 59430 | Bazaar   | Bought a scroll of identify for 22 gold pieces
 59430 | Bazaar   | Bought a scroll of identify for 22 gold pieces
 59449 | Bazaar   | Bought a scroll of identify for 36 gold pieces
 59449 | Bazaar   | Bought a scroll of magic mapping for 63 gold pieces
 59449 | Bazaar   | Bought a scroll of magic mapping for 63 gold pieces
 59449 | Bazaar   | Bought a scroll of fear for 63 gold pieces
 59449 | Bazaar   | Bought a scroll of identify for 36 gold pieces
 59449 | Bazaar   | Bought a scroll of blinking for 135 gold pieces
 59453 | Bazaar   | Bought a scroll of enchant armour for 135 gold pieces
 59472 | Bazaar   | Bought a wand of iceblast (7) for 121 gold pieces
 59479 | Bazaar   | Bought a potion of resistance for 90 gold pieces
 59479 | Bazaar   | Bought a potion of resistance for 90 gold pieces
 59507 | Bazaar   | Bought 2 potions of mutation for 144 gold pieces
 60795 | Swamp:1  | Killed tilp's ghost
 63698 | Vaults:2 | Reached skill level 21 in Earth Magic
 64047 | Vaults:2 | Found a staircase to the Crypt.
 64299 | Vaults:2 | Found Jaheedo's Gadget Shoppe.
 64300 | Vaults:2 | Found Luudwoq's Armour Shop.
 64376 | Vaults:2 | Found Yplawk's Assorted Antiques.
 64390 | Vaults:2 | Reached XP level 19. HP: 136/136 MP: 32/42
 65031 | Vaults:2 | Upgraded the game from 0.24-a0-249-g2af7e83 to
                  | 0.24-a0-250-g6074511
 66091 | Vaults:3 | Reached skill level 10 in Shields
 67245 | Vaults:3 | Found Qoggufue's Distillery.
 67372 | Vaults:3 | Noticed Boris
 67379 | Vaults:3 | Killed Boris
 67379 | Vaults:3 | Reached skill level 22 in Earth Magic
 68660 | Vaults:4 | Found Jaluelugyts's Gadget Shop.
 70134 | Vaults:4 | Reached XP level 20. HP: 144/144 MP: 36/43
 70767 | Depths:1 | Entered Level 1 of the Depths
 70770 | Depths:1 | Noticed Boris
 70903 | D:15     | Killed Boris
 71381 | Depths:1 | Identified the +6 scale mail of Bedevilment {rN++} (You
                  | found it on level 1 of the Depths)
 71632 | Depths:1 | Reached skill level 23 in Earth Magic
 72421 | Depths:1 | Found a runed translucent gate.
 72421 | Depths:1 | Found a runed translucent gate.
 72421 | Depths:1 | Found an ancient bone altar of Kikubaaqudgha.
 72422 | Depths:1 | Found a runed translucent gate.
 72422 | Depths:1 | Noticed Cygiod's ghost (veteran GrEE)
 72422 | Depths:1 | Noticed an ancient lich
 72423 | Depths:1 | Noticed an ancient lich
 72449 | Depths:1 | Found a gateway to Hell.
 72566 | Depths:1 | Reached skill level 5 in Fighting
 72701 | Depths:1 | Found Kugux's Book Shop.
 72821 | Depths:1 | Found Herewil's Assorted Antiques.
 72829 | Depths:1 | Bought the +2 cloak of the Thief {+Fog Slay-2 SInv Stlth+}
                  | for 522 gold pieces
 72829 | Depths:1 | Found the +2 cloak of the Thief {+Fog Slay-2 SInv Stlth+}
 72856 | Depths:1 | Found Touq's Food Boutique.
 73174 | Depths:1 | Found Quklu's Gadget Shoppe.
 73467 | Depths:1 | Found Meohetil's Gadget Emporium.
 75831 | Depths:2 | Identified the +2 whip "Wec Ife" {freeze, Int+4} (You found
                  | it on level 2 of the Depths)
 76394 | Depths:3 | Noticed Boris
 76399 | Depths:3 | Killed Boris
 76667 | Depths:3 | Reached XP level 21. HP: 126/151 MP: 31/45
 78172 | Depths:3 | Found a one-way gate leading to the halls of Pandemonium.
 78964 | Depths:3 | Noticed a golden dragon
 79057 | Depths:3 | Killed a golden dragon
 79185 | Depths:3 | Reached skill level 24 in Earth Magic
 79465 | Depths:3 | Noticed a caustic shrike
 79465 | Depths:3 | Noticed a caustic shrike
 79465 | Depths:3 | Noticed a caustic shrike
 79471 | Depths:3 | Killed a caustic shrike
 79472 | Depths:3 | Noticed a caustic shrike
 79472 | Depths:3 | Noticed a caustic shrike
 79477 | Depths:3 | Killed a caustic shrike
 79507 | Depths:3 | Killed a caustic shrike
 79515 | Depths:3 | Killed a caustic shrike
 79718 | Depths:3 | Found a gateway to a ziggurat.
 79782 | Depths:3 | Killed a caustic shrike
 79843 | Depths:3 | Found a sparkling altar of Nemelex Xobeh.
 81211 | Depths:4 | Found a one-way gate to the infinite horrors of the Abyss.
 81232 | Depths:4 | Paralysed by a floating eye for 2 turns
 81238 | Depths:4 | Paralysed by a floating eye for 3 turns
 81242 | Depths:4 | Paralysed by a floating eye for 2 turns
 81743 | Depths:4 | Identified the +0 rapier of Vuuffei {pain, rElec Dex+4}
                  | (You found it on level 4 of the Depths)
 82345 | Depths:5 | Entered Level 5 of the Depths
 83238 | Depths:5 | Reached skill level 25 in Earth Magic
 83239 | Depths:5 | Reached XP level 22. HP: 107/159 MP: 29/46
 83626 | Depths:5 | Reached skill level 10 in Evocations
 85141 | Depths:5 | Found a gate to the Realm of Zot.
 88502 | Elf:3    | Entered Level 3 of the Elven Halls
 88754 | Elf:3    | Noticed Donald
 88760 | Elf:3    | Killed Donald
 88880 | Elf:3    | Found Beleuxet's General Store.
 88906 | Elf:3    | Noticed Saint Roka
 89089 | Elf:3    | Killed Saint Roka
 89282 | Elf:3    | Reached skill level 26 in Earth Magic
 89566 | Elf:3    | Bought a potion of heal wounds for 90 gold pieces
 89566 | Elf:3    | Bought a scroll of teleportation for 54 gold pieces
 89566 | Elf:3    | Bought a scroll of teleportation for 54 gold pieces
 89618 | Elf:3    | Identified the +10 short sword of the Extremely Mad
                  | {freeze, *Slow rElec Str+3 Int+4}
 90184 | Elf:3    | Identified the +11 mace of Doom {freeze, rN+ MR+}
 90188 | Elf:3    | Reached XP level 23. HP: 165/165 MP: 39/48
 90527 | Elf:3    | Identified the Catalogue of the Compass and Conjuration
 90535 | Elf:3    | Identified the cursed +0 cloak of Yesterday {Str+4} (You
                  | found it on level 3 of the Elven Halls)
 91193 | D:15     | Identified the +5 scale mail "Okowkurph" {+Inv rC+ MP-9
                  | Dex+10} (You found it on level 15 of the Dungeon)
 91321 | Crypt:1  | Entered Level 1 of the Crypt
 91356 | Crypt:1  | Reached skill level 15 in Spellcasting
 92781 | Crypt:2  | Noticed Boris
 92789 | Crypt:2  | Killed Boris
 93861 | Crypt:3  | Entered Level 3 of the Crypt
 93871 | Crypt:3  | Found a staircase to the Tomb.
 94066 | Crypt:3  | Noticed an ancient lich
 94074 | Crypt:3  | Killed an ancient lich
 95151 | Crypt:3  | Noticed Sojobo
 95159 | Crypt:3  | Killed Sojobo
 96262 | Crypt:3  | Identified the amulet "Zysch" {MR+ Regen+ Int+10}
 96407 | Crypt:3  | Killed an ancient lich
 96566 | Crypt:3  | Got a steaming tin ring
 96567 | Crypt:3  | Identified the ring of Noon {*Slow rN+ MR- MP+9 Str+8} (You
                  | found it on level 3 of the Crypt)
 96568 | Crypt:3  | Identified the ring "Kyqoomah" {rN+ Str-2 Int+2 Slay+3}
                  | (You found it on level 3 of the Crypt)
 96916 | Depths:1 | Killed an ancient lich
 96919 | Depths:1 | Killed an ancient lich
 97257 | Depths:1 | Killed Cygiod's ghost
 97257 | Depths:1 | Reached skill level 27 in Earth Magic
 97281 | Depths:1 | Identified the +0 cloak of Oblivion {rPois rC+ Str+5 Int-5}
                  | (You found it on level 1 of the Depths)
 97293 | Depths:1 | Identified the ring of Music {rPois rN+ Int+2 Dex+3} (You
                  | found it on level 1 of the Depths)
 97468 | Vaults:5 | Entered Level 5 of the Vaults
 97652 | Vaults:5 | Reached XP level 24. HP: 173/173 MP: 46/49
 97662 | Vaults:5 | Found Goacosh's Magic Scroll Emporium.
 97676 | Vaults:5 | Reached skill level 5 in Necromancy
 97691 | Vaults:5 | Reached skill level 1 in Maces & Flails
 97729 | Vaults:5 | Reached skill level 10 in Armour
 98251 | Vaults:5 | Reached skill level 5 in Transmutations
 98676 | Vaults:5 | Bought a scroll of blinking for 112 gold pieces
 98676 | Vaults:5 | Bought a scroll of teleportation for 45 gold pieces
 98676 | Vaults:5 | Bought a scroll of acquirement for 780 gold pieces
 98676 | Vaults:5 | Bought a scroll of teleportation for 45 gold pieces
 98676 | Vaults:5 | Bought a scroll of summoning for 142 gold pieces
 98686 | Vaults:5 | Found Liyjuj's Distillery.
 98746 | Vaults:5 | Found Kidates's Distillery.
 98753 | Vaults:5 | Bought a potion of heal wounds for 75 gold pieces
 98753 | Vaults:5 | Bought a potion of heal wounds for 75 gold pieces
 99618 | Vaults:5 | Found Qamp's Assorted Antiques.
 99824 | Vaults:5 | Learned a level 9 spell: Shatter
100606 | Vaults:5 | Found Nueril's Gadget Boutique.
100610 | Vaults:5 | Found Caaciale's Antique Weapon Shoppe.
100614 | Vaults:5 | Got a silver rune of Zot
100903 | Vaults:5 | Found Gecvu's Jewellery Boutique.
100914 | Vaults:5 | Found Haneskon's Antique Weapon Shoppe.
101266 | Vaults:5 | Bought an ancient scimitar for 432 gold pieces
101266 | Vaults:5 | Identified the +5 scimitar "Mimeaxedi" {slice, rF+ Dex+5
                  | SInv Stlth-} (You bought it in a shop on level 5 of the
                  | Vaults)
101377 | Vaults:2 | Bought a translucent whip for 262 gold pieces
101377 | Vaults:2 | Identified the +3 whip of a ziggurat {flame, +Fly Int+4}
                  | (You bought it in a shop on level 2 of the Vaults)
101531 | Crypt:3  | Identified the +3 long sword "Joixiuc" {protect, *Corrode
                  | rElec rPois} (You found it on level 3 of the Crypt)
102264 | Vaults:5 | Bought a potion of magic for 144 gold pieces
102542 | Slime:1  | Entered Level 1 of the Pits of Slime
103904 | Slime:2  | Reached XP level 25. HP: 162/188 MP: 12/49
105046 | Slime:5  | Entered Level 5 of the Pits of Slime
105215 | Slime:5  | Noticed the Royal Jelly
105230 | Slime:5  | Slain by an acid blob

Levels and vault maps discovered:
D:1:      psy_arrival_basics, layout_loops_ring
D:2:      layout_loops_ring, corner_web_ring, serial_bayou_pond_e
D:3:      layout_basic, kennysheep_okawaru_gauntlet
D:4:      layout_cave_pools, gammafunk_ghost_cemetery
D:5:      layout_cave_pools, first_ration, serial_shops, shop,
          serial_bayou_pond_e, minmay_misc_feat_four_crosses,
          hangedman_decor_diamond_cutter, kennysheep_slug_shrine
D:6:      layout_cave_pools, gammafunk_temple_overflow_wave, temple_fountains,
          uniq_pikel
D:7:      layout_cave_pods, basic_altar, grunt_ogre_cave,
          nemelex_xobeh_ov_fountains_minmay
D:8:      layout_basic, grunt_temple_overflow_open, uniq_harold
D:9:      layout_roguey, david_orc_3, special_room [special_room_kobold]
D:10:     minmay_angry_zag, layout_irregular_city, uniq_maurice
D:11:     layout_roguey, lair_entry_dummy, minmay_fire_ice_demons
D:12:     minmay_the_grid_triangle_9x9_recursive_2
          [minmay_the_grid_triangle_9x9_prize_top_heavy,
          minmay_the_grid_triangle_9x9_windchime,
          minmay_the_grid_triangle_9x9_wacky_v,
          minmay_the_grid_triangle_9x9_sprig], layout_rooms, minivault_11,
          uniq_erolcha
D:13:     layout_stronghold, erik_vaults_1, basic_altar, lemuel_nasty_fountain
D:14:     layout_basic, minmay_strange_pillars, basic_altar
D:15:     hangedman_depths_entry_civil_slaughter, layout_rooms,
          minmay_misc_feat_pillars, serial_park_tiny_pond
Lair:1:   layout_regular_city, beast_lair_carwin_8, uniq_gastronok,
          uniq_nergalle
Lair:2:   layout_chaotic_city, nicolae_swamp_entry_splash_gauntlet
Lair:3:   layout_chaotic_city, minmay_snake_entry_six_corridors,
          grunt_forest_stairs_basic
Lair:4:   layout_loops_ring, nicolae_volcano_entry_hallway, grunt_megastairs_2
Lair:5:   layout_loops_ring, beast_lair_carwin_9, grunt_megastairs_5,
          infiniplex_staircase_pool
Lair:6:   grunt_lair_end_beastmaster, layout_loops_ring, slime_altar_1
Swamp:1:  layout_basic_swamp, ebering_ghost_inner_flame, hangedman_swamp_blocks
Swamp:2:  layout_falls_marsh, nicolae_swamp_round_clearing, swamp_pool5,
          uniq_kirke, uniq_aizul
Swamp:3:  layout_basic_swamp, evilmike_swamp_ruin_rubble_1, swamp_pool2,
          cheibrodos_swamp_pet_leeches
Swamp:4:  swamp_icy, layout_basic_swamp, uniq_bai_suzhen
Snake:1:  kennysheep_six_static_rooms, layout_basic, basic_altar
Snake:2:  layout_layer_cave, special_room, serial_bayou_pond_c,
          lemuel_fruit_tree, uniq_nikola
Snake:3:  layout_basic, ebering_ghost_disaster_area, st_stairs_6,
          minmay_snake_pond
Snake:4:  snake_pit, layout_misc_corridors, st_stairs_1, serial_bayou_pond_a
Slime:1:  layout_caves
Slime:2:  layout_caves
Slime:3:  layout_caves
Slime:4:  layout_caves, cheibrodos_slime_lost_civilization_5
Slime:5
Orc:1:    layout_caves, minmay_orc_barracks, uniq_snorg
Orc:2:    st_orc_town, layout_diamond_mine, basic_altar, serial_shops, shop
Elf:1:    eino_elf_arrival_altar, layout_loops_ring, serial_shops, shop,
          minmay_elf_sorcery
Elf:2:    layout_geoelf_octagon, billiards_dpeg
Elf:3:    minmay_elf_hall_statues, layout_rooms, serial_shops,
          nicolae_shop_stone, uniq_saint_roka, uniq_donald
Vaults:1: v_misc_11, hangedman_vaults_capsules, hangedman_vaults_nails,
          vaults_mumra_minichess_inversion, v_alt_pattern_5, v_misc_15,
          v_pattern_4, layout_vaults_omnicross, serial_shops, bzr_entry_road
Vaults:2: v_rooms_6, hangedman_vaults_nails, vaults_standard_mumra_lines,
          vaults_dpeg_encased_lava, minmay_crypt_entry_nasty_monster, v_misc_18,
          v_misc_10, vaults_room_corners, nicolae_vaults_fighting_squares,
          nicolae_vaults_little_ls, nicolae_vaults_little_squares_4,
          nicolae_vaults_rhombus_7, layout_vaults_maze_bifur, serial_shops,
          shop, nicolae_shop_overgrown_old_shop, shop
Vaults:3: hangedman_vaults_unwind, ontoclasm_vaults_twist, v_misc_9, v_misc_11,
          ontoclasm_vaults_ring_small, nicolae_vaults_network_star,
          nicolae_vaults_mini_display_case, grunt_vaults_twisty,
          vaults_room_stairs_pillars, ontoclasm_vaults_loading_screen,
          layout_vaults_omnibox, serial_shops, shop, uniq_boris
Vaults:4: hangedman_vaults_impose, ontoclasm_vaults_ring_large,
          nicolae_vaults_c_with_doors, ontoclasm_vaults_claustrophobia,
          v_alt_pattern_1, nicolae_vaults_yaktaur_gun_rack,
          nicolae_vaults_alarming, nicolae_vaults_three_branches,
          vaults_room_fancy_cross, hangedman_vaults_nails,
          nicolae_vaults_ring_of_whatevers, nicolae_vaults_asterisk,
          layout_vaults_big_room, serial_shops, shop
Vaults:5
Crypt:1:  layout_misc_corridors, minmay_misc_feat_five,
          grunt_crypt_arrival_split
Crypt:2:  layout_gridlike
Crypt:3:  david_glass_crypt, layout_gridlike, tomb_entry_forgotten_bobbens,
          uniq_sojobo
Depths:1: layout_cave_shapes, gammafunk_ghost_crypt, hell_entry,
          minmay_misc_feat_tower, serial_shops, nicolae_shop_window_shopping,
          nicolae_shop_trees, kennysheep_mini_moat, shop_statue, shop,
          small_chamber_with_monster, kilobyte_rumbling_trees, firewood_loft
Depths:2: minmay_triangles_in_corner, layout_basic, serial_curves,
          eino_curves_01, eino_curves_03, pf_hell_entry_tar_spiral,
          chequers_serial_rivers_large_b
Depths:3: kennysheep_green_arena, layout_cave_pools, enter_ziggurat_a,
          small_statue_intersection, pan_entry, serial_glass, glass_columns_a,
          glass_columns_b, hell_entry, nemelex_diamond_rough_becter,
          infiniplex_staircase_9_rooms
Depths:4: cross_vault, layout_gridlike, minmay_misc_feat_tiny, grunt_hell_horde,
          abyss_entry, infiniplex_staircase_zigzag_4, serial_bayou_shore_b,
          serial_bayou_shore_b, grunt_megastairs_4
Depths:5: lemuel_castle_with_subvaults [lemuel_castle_interior_original],
          layout_basic, minmay_misc_feat_roman, grunt_hell_entry_dis_grunt,
          abyss_entry
Bazaar:   bazaar_kb_twisted_cavern
Volcano:  volcano_lake [vl_original]

Skill      XL: |  1  2  3  4  5  6  7  8  9 10 11 12 13 14 15 16 17 18 19 20 21 22 23 24 |
---------------+-------------------------------------------------------------------------+-----
Earth Magic    | 3 4 5 6 7 8 9 11 12 14 15 16 18 19 21 22 23 25 26 27 | 27.0
Spellcasting   | 2 3 4 5 6 8 9 10 11 12 13 14 16 | 16.4
Dodging        | 2 3 4 |  4.4
Fighting       | 1 2 3 4 5 8 |  8.5
Conjurations   | 1 2 4 5 6 7 8 9 10 12 13 14 | 14.7
Shields        | 2 3 4 6 7 8 9 10 11 12 | 12.3
Armour         | 2 3 4 6 7 8 9 10 | 10.4
Evocations     | 2 4 5 6 7 8 9 11 12 13 | 13.7
Transmutations | 1 2 6 |  6.2
Long Blades    | 2 |  2.0
Fire Magic     | 2 |  2.6
Necromancy     | 1 2 3 4 7 |  7.1
Maces & Flails | 1 |  1.7
Throwing       | |  0.2
Stealth        | |  1.7
Charms         | |  0.9

Action                   |  1- 3 |  4- 6 |  7- 9 | 10-12 | 13-15 | 16-18 | 19-21 | 22-24 | 25-27 || total
-------------------------+-------+-------+-------+-------+-------+-------+-------+-------+-------++-------
Melee: Dagger            |   143 |   124 |    23 |       |     9 |       |       |       |       ||   299
       Unarmed           |     2 |       |       |       |       |       |       |       |       ||     2
       Long sword        |       |       |    77 |   171 |   322 |   143 |   103 |    46 |     5 ||   867
       Mace              |       |       |       |       |       |       |       |    77 |       ||    77
       Staff             |       |       |       |       |       |       |       |     2 |       ||     2
Throw: Throwing net      |       |       |     2 |       |       |       |       |       |       ||     2
 Cast: Sandblast         |    30 |    55 |    53 |    18 |       |       |       |       |       ||   156
       Stone Arrow       |       |    17 |    97 |   277 |   517 |   155 |       |       |       ||  1063
       Lee's Rapid Decon |       |       |     3 |    73 |   312 |   345 |   287 |   507 |     4 ||  1531
       Petrify           |       |       |       |    10 |    11 |       |       |       |       ||    21
       Iron Shot         |       |       |       |       |       |   314 |   345 |   309 |    58 ||  1026
       Borgnjor's Vile C |       |       |       |       |       |    20 |    57 |    21 |       ||    98
       Regeneration      |       |       |       |       |       |     5 |       |     3 |       ||     8
       Bolt of Magma     |       |       |       |       |       |     1 |    23 |     3 |       ||    27
       Shatter           |       |       |       |       |       |       |       |       |     8 ||     8
 Abil: Evoke Fog         |       |       |       |       |       |       |     1 |     1 |     1 ||     3
Evoke: Wand              |       |       |     7 |    20 |    72 |    30 |    20 |    40 |       ||   189
       Fan of gales      |       |       |       |     1 |       |       |       |     1 |       ||     2
       Staff of energy   |       |       |       |       |       |       |       |    45 |       ||    45
       Box of beasts     |       |       |       |       |       |       |       |     6 |       ||     6
       Sack of spiders   |       |       |       |       |       |       |       |     3 |       ||     3
       Phial of floods   |       |       |       |       |       |       |       |     1 |       ||     1
  Use: Scroll            |       |       |    14 |    15 |    18 |    22 |    10 |    20 |     2 ||   101
       Potion            |       |       |       |     3 |     6 |     6 |     1 |    17 |     2 ||    35
 Stab: Sleeping          |     3 |     2 |     3 |       |       |       |       |       |       ||     8
       Distracted        |       |     1 |       |     1 |       |       |       |     3 |       ||     5
       Petrifying        |       |       |       |       |     1 |       |       |       |       ||     1
       Paralysed         |       |       |       |       |       |     4 |     2 |     2 |       ||     8
  Eat: Chunk             |     5 |     8 |    12 |    42 |    82 |    73 |    58 |    40 |       ||   320
       Ration            |       |     1 |     1 |     1 |     4 |    11 |     3 |     9 |     1 ||    31
Armor: Robe              |     9 |    24 |    21 |    14 |       |       |       |       |       ||    68
       Leather armour    |    23 |       |       |       |       |       |       |       |       ||    23
       Scale mail        |       |       |       |    90 |   286 |   186 |   143 |   138 |    45 ||   888
       Chain mail        |       |       |       |       |     2 |       |       |       |       ||     2
       Ice dragon scales |       |       |       |       |       |     1 |       |       |       ||     1
Dodge: Dodged            |   100 |   138 |   122 |   289 |   291 |   145 |   107 |    82 |    19 ||  1293
Block: Other             |       |       |       |   102 |       |       |       |       |       ||   102
       Reflection        |       |       |       |     2 |    67 |    59 |    89 |    13 |       ||   230
       Buckler           |       |       |       |       |   191 |       |       |       |       ||   191
       Shield            |       |       |       |       |   412 |   426 |   187 |       |       ||  1025
       Large shield      |       |       |       |       |       |       |   293 |   342 |    64 ||   699
       Rpst.: Long sword |       |       |    20 |    75 |    70 |    31 |    15 |     4 |     6 ||   221

Table legend:
 A = Non-vault XP
 B = Vault XP
 C = Vault XP percentage of total XP
 D = Non-vault monster count
 E = Vault monster count
 F = Vault count percentage of total count
                 A         B        C        D         E       F
            +---------+---------+-------+---------+---------+-------
      Total |  739147 |  647632 |  46.7 |    1513 |     790 |  34.3
            +---------+---------+-------+---------+---------+-------
        D:1 |      47 |       0 |   0.0 |      28 |       0 |   0.0
        D:2 |     119 |       0 |   0.0 |      23 |       0 |   0.0
        D:3 |      41 |       4 |   8.9 |      15 |       2 |  11.8
        D:4 |     184 |       0 |   0.0 |       4 |       0 |   0.0
        D:5 |     827 |       4 |   0.5 |      27 |       1 |   3.6
        D:6 |    1073 |     617 |  36.5 |      23 |       1 |   4.2
        D:7 |     820 |     122 |  13.0 |      18 |       1 |   5.3
        D:8 |     928 |     960 |  50.8 |      22 |       1 |   4.3
        D:9 |    2126 |    1532 |  41.9 |      16 |      26 |  61.9
       D:10 |    2237 |    1544 |  40.8 |      22 |       7 |  24.1
       D:11 |    8308 |      54 |   0.6 |      41 |       2 |   4.7
       D:12 |    3545 |    9180 |  72.1 |      31 |      17 |  35.4
       D:13 |    4142 |    1808 |  30.4 |      21 |       2 |   8.7
       D:14 |    7570 |    1135 |  13.0 |      26 |       1 |   3.7
       D:15 |   21097 |    3202 |  13.2 |      36 |       5 |  12.2
     Lair:1 |    3876 |    4055 |  51.1 |      16 |       9 |  36.0
     Lair:2 |    4773 |    1208 |  20.2 |      18 |       6 |  25.0
     Lair:3 |    3575 |    2096 |  37.0 |      16 |      16 |  50.0
     Lair:4 |    3238 |     649 |  16.7 |      15 |       2 |  11.8
     Lair:5 |    3522 |    2695 |  43.3 |      13 |       7 |  35.0
     Lair:6 |   12385 |    7215 |  36.8 |      39 |      15 |  27.8
    Swamp:1 |   17284 |    2974 |  14.7 |      30 |       2 |   6.2
    Swamp:2 |    6627 |    5134 |  43.7 |      22 |       9 |  29.0
    Swamp:3 |   14210 |     478 |   3.3 |      28 |       2 |   6.7
    Swamp:4 |   12161 |   11839 |  49.3 |      29 |      32 |  52.5
    Snake:1 |   10062 |    3153 |  23.9 |      21 |       6 |  22.2
    Snake:2 |   26098 |    3774 |  12.6 |      53 |       1 |   1.9
    Snake:3 |   13598 |    4526 |  25.0 |      28 |      11 |  28.2
    Snake:4 |   13805 |   37934 |  73.3 |      25 |      51 |  67.1
    Slime:1 |    8882 |       0 |   0.0 |      18 |       0 |   0.0
    Slime:2 |   11010 |       0 |   0.0 |      23 |       0 |   0.0
    Slime:3 |   13831 |       0 |   0.0 |      26 |       0 |   0.0
    Slime:4 |    8514 |       0 |   0.0 |      12 |       0 |   0.0
    Slime:5 |    3449 |    2313 |  40.1 |       2 |       1 |  33.3
      Orc:1 |    2458 |    3441 |  58.3 |      27 |      19 |  41.3
      Orc:2 |    3875 |    6008 |  60.8 |      40 |      64 |  61.5
      Elf:1 |    7879 |   12847 |  62.0 |      15 |      20 |  57.1
      Elf:2 |   23893 |   28169 |  54.1 |      46 |      35 |  43.2
      Elf:3 |   16810 |   49860 |  74.8 |      26 |      38 |  59.4
   Vaults:1 |   19132 |   25114 |  56.8 |      36 |      30 |  45.5
   Vaults:2 |   18818 |   31105 |  62.3 |      45 |      42 |  48.3
   Vaults:3 |   43703 |   21784 |  33.3 |      71 |      31 |  30.4
   Vaults:4 |   26700 |   23487 |  46.8 |      39 |      30 |  43.5
   Vaults:5 |   34070 |  135626 |  79.9 |      62 |     101 |  62.0
    Crypt:1 |   20533 |       0 |   0.0 |      32 |       0 |   0.0
    Crypt:2 |   21791 |       0 |   0.0 |      27 |       0 |   0.0
    Crypt:3 |   35838 |   44613 |  55.5 |      35 |      18 |  34.0
   Depths:1 |   47254 |   32243 |  40.6 |      62 |      11 |  15.1
   Depths:2 |   39291 |   21751 |  35.6 |      49 |      16 |  24.6
   Depths:3 |   45505 |   24279 |  34.8 |      27 |      19 |  41.3
   Depths:4 |   28137 |   19651 |  41.1 |      30 |      20 |  40.0
   Depths:5 |   59496 |   53475 |  47.3 |      57 |      44 |  43.6
    Volcano |       0 |    3974 | 100.0 |       0 |      16 | 100.0
            +---------+---------+-------+---------+---------+-------
